 Dungeon Crawl Stone Soup version 0.22-a0-441-gcf5b0c6 (webtiles) character file.

231 iamserjio the Caller (level 5, 0/39 HPs)
             Began as a Mummy Summoner on May 30, 2018.
             Was an Initiate of Gozag.
             Killed from afar by a wretched star (10 damage)
             ... with an orb of energy
             ... on level 1 of the Abyss.
             The game lasted 00:10:34 (4600 turns).

iamserjio the Caller (Mummy Summoner)               Turns: 4600, Time: 00:10:35

Health: 0/39       AC:  4    Str: 10 (11) XL:     5   Next: 73%
Magic:  11/11      EV: 11    Int: 15      God:    Gozag
Gold:   127        SH:  0    Dex: 13      Spells: 8/12 levels left

rFire    x . .     SeeInvis .   g - +2 dagger (venom)
rCold    + . .     Gourm    .   (no shield)
rNeg     + + +     Faith    .   f - +0 leather armour
rPois    ∞         Spirit   .   (no helmet)
rElec    .         Reflect  .   j - +0 cloak
rCorr    .         Harm     .   (no gloves)
MR       .....                  (no boots)
Stlth    ++........             (no amulet)
HPRegen  0.13/turn              (no ring)
MPRegen  0.12/turn              (no ring)

@: no status effects
A: no food or potions, fire vulnerability, cold resistance 1, negative energy
resistance 3, torment resistance, unbreathing
a: Potion Petition, Call Merchant, Bribe Branch, Renounce Religion


You were on level 1 of the Abyss.
You worshipped Gozag.
Gozag was aware of your devotion.
You were not hungry.

You visited 1 branch of the dungeon, and saw 3 of its levels.
You visited the Abyss 1 time.

You collected 154 gold pieces.
You paid 27 gold pieces to Gozag.

Inventory:

Hand Weapons
 b - a +0 club
 g - a +2 dagger of venom (weapon)
 h - a +0 trident
 i - a +2 quarterstaff of chaos
Armour
 a - a +0 robe
 f - a +0 leather armour (worn)
 j - a +0 cloak (worn)
Scrolls
 d - 3 scrolls of identify
 e - a scroll of amnesia
 k - a scroll of remove curse {unknown}


   Skills:
 + Level 2.3 Fighting
 + Level 1.1 Armour
 - Level 1.5 Dodging
 - Level 1.5 Stealth
 + Level 4.1 Spellcasting
 * Level 4.6 Summonings


You had 8 spell levels left.
You knew the following spells:

 Your Spells              Type           Power        Failure   Level  Hunger
a - Summon Small Mammal   Summ           ###.         3%          1    N/A
b - Call Canine Familiar  Summ           ###.....     11%         3    N/A

Your spell library contained the following spells:

 Spells                   Type           Power        Failure   Level  Hunger
 Summon Ice Beast         Ice/Summ       ##......     67%         4    N/A
 Call Imp                 Summ           ###.....     5%          2    N/A
 Summon Lightning Spire   Summ/Air       ##......     67%         4    N/A
 Summon Guardian Golem    Hex/Summ       ##......     28%         3    N/A

Dungeon Overview and Level Annotations

Branches:
Dungeon (3/15)

Altars:
Gozag
Makhleb


Innate Abilities, Weirdness & Mutations

You do not eat or drink.
Your flesh is vulnerable to fire.
You are immune to poison.
Your flesh is cold resistant. (rC+)
You are immune to negative energy. (rN+++)
You are immune to unholy pain and torment.
You can survive without breathing.


Message History

The wretched star moves out of view.
The red very ugly thing gurgles horribly!
The wretched star pulses with an eldritch light!
Your body decomposes!
You feel weakened.
The wretched star glows turbulently.
The orb of energy hits you!
Ouch! That really hurt!
* * * LOW HITPOINT WARNING * * *
The wretched star pulses with an eldritch light!
The green death gestures at you. The bolt of poison hits you! You resist.
The green death gestures at you. The poison arrow misses you.
The green death gestures at you. The blast of poison engulfs you! You resist.
The wretched star glows turbulently.
The orb of energy hits you!
You die...
Your body crumbles into a pile of gold.

....##u## #...
..2## .... .##Z#
.#...# #§#### #
..###.#.#*#§##.#
#.# #..§§#.#..#
. .#§§§#.§#.#
..## #..##...#
.# ..###.@###
####. #.#.# ##
..# .# ...# .#
#### ##


You could see a wretched star.

Vanquished Creatures
  Grinder (D:3)
  A scorpion (D:3)
  Crazy Yiuf (D:2)
  3 adders (D:2)
  An ooze (D:1)
  A worm (D:2)
  A dart slug (D:1)
  A leopard gecko (D:3)
  2 orcs (D:3)
  A bat (D:1)
  A giant cockroach (D:2)
  4 goblins (D:2)
  5 hobgoblins
  3 jackals (D:2)
  A quokka (D:2)
  6 frilled lizards
  A kobold (D:2)
  4 rats
38 creatures vanquished.

Vanquished Creatures (collateral kills)
  A dart slug (D:1)
  A giant cockroach (D:1)
  4 hobgoblins (D:1)
  A jackal (D:2)
  A frilled lizard (D:1)
  3 goblins
  A rat (D:1)
12 creatures vanquished.

Grand Total: 50 creatures vanquished

Notes
Turn   | Place    | Note
-------+----------+-------------------------------------------
     0 | D:1      | iamserjio the Mummy Summoner began the quest for the Orb.
     0 | D:1      | Reached XP level 1. HP: 13/13 MP: 4/4
   507 | D:1      | Reached XP level 2. HP: 17/20 MP: 3/5
  1319 | D:1      | Reached skill level 1 in Fighting
  2088 | D:2      | Reached XP level 3. HP: 17/26 MP: 5/7
  3027 | D:2      | Found a runed door.
  3162 | D:2      | Reached XP level 4. HP: 21/32 MP: 7/9
  3381 | D:2      | Learned a level 3 spell: Call Canine Familiar
  3381 | D:2      | Noticed Crazy Yiuf
  3402 | D:2      | Killed Crazy Yiuf
  3732 | D:3      | Found an opulent altar of Gozag.
  3779 | D:3      | Became a worshipper of Gozag Ym Sagoz the Greedy
  3969 | D:3      | Found a burning altar of Makhleb.
  3980 | D:3      | Noticed Grinder
  4008 | D:3      | Paralysed by Grinder for 2 turns
  4011 | D:3      | Paralysed by Grinder for 7 turns
  4042 | D:3      | Paralysed by Grinder for 5 turns
  4080 | D:3      | Killed Grinder
  4080 | D:3      | Reached skill level 1 in Armour
  4080 | D:3      | Reached XP level 5. HP: 17/39 MP: 0/11
  4364 | D:3      | Cast into level 1 of the Abyss (orc)
  4426 | Abyss:1  | Noticed a ynoxinul
  4488 | Abyss:1  | Noticed a ynoxinul
  4502 | Abyss:1  | Noticed an ancient zyme
  4506 | Abyss:1  | Noticed a smoke demon
  4507 | Abyss:1  | Noticed a large abomination
  4555 | Abyss:1  | Noticed a small abomination
  4582 | Abyss:1  | Noticed a green death
  4583 | Abyss:1  | Noticed a titan zombie
  4584 | Abyss:1  | Noticed a red very ugly thing
  4585 | Abyss:1  | Noticed a wretched star
  4600 | Abyss:1  | Killed from afar by a wretched star

Vault maps used:
D:1:      minmay_arrival_wavy_path, serial_forest, infiniplex_forest_fountain,
          infiniplex_forest_straight_3, infiniplex_forest_straight_2,
          infiniplex_forest_lined_corner, infiniplex_forest_zigzag_1,
          infiniplex_forest_lined_3_way, infiniplex_forest_clump_C
D:2:      uniq_crazy_yiuf_cottage
D:3:      lemuel_crystal_altar, overflow_temple_1_default, uniq_purgy,
          uniq_grinder

Skill      XL: |  1  2  3  4 |
---------------+-------------+-----
Spellcasting   | 3 4 |  4.1
Fighting       | 1 2 |  2.3
Summonings     | 4 |  4.6
Armour         | 1 |  1.1
Dodging        | |  1.5
Stealth        | |  1.5

Action                   |  1- 3 |  4- 6 || total
-------------------------+-------+-------++-------
Melee: Club              |    71 |       ||    71
       Dagger            |    66 |    25 ||    91
 Cast: Summon Small Mamm |    32 |    12 ||    44
       Call Canine Famil |       |    10 ||    10
  Use: Scroll            |       |     3 ||     3
 Stab: Sleeping          |     2 |       ||     2
Armor: Robe              |    22 |       ||    22
       Leather armour    |       |     8 ||     8
Dodge: Dodged            |    80 |    20 ||   100

Table legend:
 A = Spawn XP
 B = Non-spawn XP
 C = Spawn XP percentage of total XP
 D = Spawn monster count
 E = Non-spawn monster count
 F = Spawn count percentage of total count
 G = Total turns spent on level
                    A         B        C        D         E        F      G
               +---------+---------+-------+---------+---------+-------+---------
         Total |       0 |     331 |   0.0 |       0 |      50 |   0.0 |  4600
               +---------+---------+-------+---------+---------+-------+---------
           D:1 |       0 |      31 |   0.0 |       0 |      19 |   0.0 |  1814
           D:2 |       0 |      98 |   0.0 |       0 |      24 |   0.0 |  1910
           D:3 |       0 |     202 |   0.0 |       0 |       7 |   0.0 |   640
               +---------+---------+-------+---------+---------+-------+---------
